 Dungeon Crawl Stone Soup version 0.28.0-1-gb440e238dd (webtiles) character file.

Game seed: 12466911707957386419

471 lonewolfV2 the Skirmisher (level 7, 0/61 HPs)
             Began as a Hill Orc Fighter on Feb 20, 2022.
             Shot with an arrow by a centaur (5 damage)
             ... on level 5 of the Dungeon on Feb 22, 2022.
             The game lasted 00:10:49 (4931 turns).

lonewolfV2 the Skirmisher (Hill Orc Fighter)        Turns: 4931, Time: 00:10:50

Health: 0/61       AC:  2    Str: 21    XL:     7   Next: 9%
Magic:  7/7        EV: 11    Int:  8    God:
Gold:   182        SH:  4    Dex: 10    Spells: 6/6 levels left

rFire   . . .      SeeInvis .   i - +3 spear (venom)
rCold   . . .      Faith    .   c - +0 buckler
rNeg    . . .      Spirit   .   l - +0 robe {Will+}
rPois   .          Reflect  .   (no helmet)
rElec   .          Harm     .   (no cloak)
rCorr   .          Rampage  .   (no gloves)
Will    +....                   (no boots)
Stlth   +.........              (no amulet)
HPRegen 0.20/turn               (no ring)
MPRegen 0.10/turn               (no ring)

@: about to teleport
A: no striking features
a: no special abilities


You were on level 5 of the Dungeon.
You visited 1 branch of the dungeon, and saw 5 of its levels.

You collected 182 gold pieces.

Inventory:

Hand Weapons
 a - a +0 war axe
 i - a +3 spear of venom (weapon)
Armour
 b - a +0 scale mail
 c - a +0 buckler (worn)
 l - a +0 robe of willpower (worn)
Scrolls
 g - 3 scrolls of identify
Potions
 d - a potion of might
 h - a potion of lignification
 j - 2 potions of haste


   Skills:
 + Level 5.3 Fighting
 + Level 4.4(5.2) Axes
 + Level 3.3(4.1) Polearms
 + Level 5.0 Armour
 + Level 1.0 Dodging
 + Level 0.7 Stealth
 + Level 4.1 Shields


You had 6 spell levels left.
You didn't know any spells.
Your spell library was empty.

Dungeon Overview and Level Annotations

Branches:
Dungeon (5/15)
 Temple: D:4-7

Altars:
Gozag
Kikubaaqudgha
Qazlal
Vehumet

Shops:
D:1 !

Annotations:
D:4 2 transporters, diecastcamel's ghost, amateur HOFi


Message History

You start waiting.
Done waiting.
You start waiting.
Done waiting.
You see here a +0 ring mail.
A centaur comes into view.
The centaur shouts!
You hear a shout!
The centaur wields a +0 shortbow.
The centaur shoots an arrow.
The arrow barely misses you.
A shadow imp comes into view.
There are monsters nearby!
There are monsters nearby!
The centaur shoots an arrow.
The arrow hits you.
The centaur shoots an arrow.
The arrow hits you!
A sky beast comes into view.
The centaur shoots an arrow.
The arrow hits you.
A scorpion comes into view.
The centaur shoots an arrow.
The arrow barely misses you.
The shadow imp shouts, "Get thee hence, thou canting mumble-news pissant!"
The centaur shoots an arrow.
The arrow hits you! The sky beast barely misses you. The phantom hits you.
You closely miss the phantom.
The sky beast flickers out of sight!
Deactivating autopickup; reactivate with Ctrl-A.
You block something's attack.
You hit the phantom.
The phantom is lightly damaged.
The centaur shoots an arrow.
The arrow closely misses you. The phantom closely misses you.
The shadow imp closely misses you.
The centaur shoots an arrow.
The arrow barely misses you. Something hits you.
* * * LOW HITPOINT WARNING * * *
Something shocks you.
* * * LOW HITPOINT WARNING * * *
As you read the scroll of teleportation, it crumbles to dust.
You feel strangely unstable. The phantom hits you.
* * * LOW HITPOINT WARNING * * *
The shadow imp hits you.
* * * LOW HITPOINT WARNING * * *
You block the scorpion's attack.
The centaur shoots an arrow.
The arrow hits you.
You die...

##... ##........#.#.
..... ..............
.....##.......#.....
........#...........
........#...#......#
........##..#..<....
#.........c5{s.#....
#...........@W......
........##..........
#.......[##.........
###.##.............. .#
# #.............. ###..
#...#..................
#####.......####......
. #.......###...... .
##.......#......## .


You could see a phantom, a centaur, a scorpion and a shadow imp.

Vanquished Creatures
  A necrophage (D:5)
  A scorpion (D:4)
  A centaur zombie (D:5)
  2 iguanas
  2 orc wizards
  A hound skeleton (D:4)
  8 adders
  2 worms
  3 dart slugs
  9 orcs
  5 ball pythons
  6 bats
  12 endoplasms
  5 giant cockroaches
  3 goblins
  6 hobgoblins
  3 jackals (D:3)
  4 quokkas
  4 frilled lizards
  10 kobolds
  2 rats
90 creatures vanquished.

Notes
Turn   | Place    | Note
-------+----------+-------------------------------------------
     0 | D:1      | lonewolfV2 the Hill Orc Fighter began the quest for the
                  | Orb.
     0 | D:1      | Reached XP level 1. HP: 19/19 MP: 1/1
   300 | D:1      | Reached XP level 2. HP: 27/27 MP: 2/2
   522 | D:1      | Found a faded altar of an unknown god.
   655 | D:1      | Found Pysem's Distillery.
   798 | D:2      | Reached XP level 3. HP: 34/34 MP: 3/3
   813 | D:2      | Reached XP level 4. HP: 15/41 MP: 4/4
  2772 | D:3      | Reached XP level 5. HP: 47/47 MP: 5/5
  3153 | D:3      | Found a stormy altar of Qazlal.
  3464 | D:3      | Reached skill level 1 in Polearms
  3645 | D:4      | Reached skill level 5 in Fighting
  3645 | D:4      | Reached XP level 6. HP: 53/56 MP: 6/6
  3712 | D:4      | Found an ancient bone altar of Kikubaaqudgha.
  3868 | D:4      | Found a radiant altar of Vehumet.
  3888 | D:4      | Found a transporter.
  3897 | D:4      | Noticed diecastcamel's ghost (amateur HOFi)
  3997 | D:4      | Found a transporter.
  4190 | D:4      | Found an opulent altar of Gozag.
  4403 | D:5      | Entered Level 5 of the Dungeon
  4429 | D:5      | Noticed a necrophage
  4448 | D:5      | Killed a necrophage
  4449 | D:5      | Reached skill level 5 in Armour
  4449 | D:5      | Reached XP level 7. HP: 12/61 MP: 7/7
  4453 | D:5      | Reached skill level 1 in Dodging
  4931 | D:5      | Shot with an arrow by a centaur

Illustrated notes

Levels and vault maps discovered:
D:1:      elethiomel_arrival_maze, layout_basic, basic_ecumenical_altar,
          serial_shops, shop
D:2:      layout_basic, minmay_pentomino_z2
D:3:      layout_loops_ring, lemuel_coloured_pillars_altar
D:4:      layout_loops_ring, fiery_altar_vehumet,
          nicolae_overflow_crystal_walls, amcnicky_altar_gilded,
          gammafunk_ghost_stat_death
D:5:      layout_cave_pools, grunt_temple_overflow_open,
          minmay_temple_entry_arrows, serial_shops, shop, uniq_menkaure

Skill      XL: |  1  2  3  4  5  6  7 |
---------------+----------------------+-----
Fighting       | 4 5 |  5.3
Axes           | 3 4 |  4.4
Armour         | 4 5 |  5.0
Polearms       | 2 3 |  3.3
Shields        | 4 |  4.1
Dodging        | 1 |  1.0
Stealth        | |  0.7

Action                   |  1- 3 |  4- 6 |  7- 9 || total
-------------------------+-------+-------+-------++-------
Melee: War axe           |    55 |    56 |       ||   111
       Spear             |       |   165 |     6 ||   171
  Use: Scroll            |       |     5 |     1 ||     6
       Potion            |       |     1 |       ||     1
Armor: Scale mail        |    43 |    78 |       ||   121
       Robe              |       |    12 |     2 ||    14
Dodge: Dodged            |    33 |   106 |     9 ||   148
Block: Buckler           |    13 |    55 |     4 ||    72
